 Dungeon Crawl Stone Soup version 0.28.0-43-g3370ac3207 (webtiles) character file.

Game seed: 371065892960174603

3212 Kaptain the Geomancer (level 9, -33/56 HPs)
             Began as a Gargoyle Earth Elementalist on Mar 16, 2022.
             Annihilated by an enormous slime creature (54 damage)
             ... on level 7 of the Dungeon.
             The game lasted 00:14:40 (8629 turns).

Kaptain the Geomancer (Gargoyle Earth Elementalist) Turns: 8629, Time: 00:14:40

Health: -33/56     AC: 20    Str: 11    XL:     9   Next: 97%
Magic:  4/26       EV: 11    Int: 21    God:
Gold:   316        SH:  9    Dex: 10    Spells: 15/19 levels left

rFire   . . .      SeeInvis .   q - +2 whip (pain)
rCold   . . .      Faith    .   l - +0 buckler
rNeg    + . .      Spirit   .   o - +0 troll leather armour {Pargi}
rPois   ∞          Reflect  +   h - +0 helmet
rElec   +          Harm     .   f - +0 cloak
rCorr   .          Rampage  .   x - +2 pair of gloves
Will    .....                   v - +2 pair of boots
Stlth   ++........              k - amulet of reflection
HPRegen 0.98/turn               m - ring of flight
MPRegen 0.20/turn               s - ring of magical power

@: brilliant, weak-willed, flying, hasted, very quick
A: sickness immunity, AC +6, negative energy resistance 1, electricity
resistance, torment resistance 1, petrification resistance
a: no special abilities


You were on level 7 of the Dungeon.
You visited 2 branches of the dungeon, and saw 8 of its levels.
You also visited: Sewer.

You collected 316 gold pieces.

Inventory:

Hand Weapons
 a - a +0 dagger
 e - a +1 short sword
 q - a +2 whip of pain (weapon)
 r - a +2 dagger of venom
Missiles
 c - 163 stones
 y - 2 throwing nets
Armour
 b - a +0 kite shield
 f - a +0 cloak (worn)
 h - a +0 helmet (worn)
 l - a +0 buckler (worn)
 o - a +0 troll leather armour (worn) {Pargi}
 v - a +2 pair of boots (worn)
 x - a +2 pair of gloves (worn)
Jewellery
 g - a ring of ice
 k - an amulet of reflection (around neck)
 m - a ring of flight (left hand)
 p - a ring of resist corrosion
 s - a ring of magical power (right hand)
Scrolls
 d - 2 scrolls of magic mapping
 j - a scroll of identify
 n - a scroll of acquirement
Potions
 i - 7 potions of curing
 t - a potion of mutation
 z - a potion of lignification


   Skills:
 * Level 6.6 Fighting
 + Level 4.5 Armour
 - Level 1.5 Dodging
 - Level 2.1 Stealth
 + Level 4.1 Shields
 * Level 5.9 Spellcasting
 * Level 6.4 Conjurations
 - Level 0.7 Transmutations
 * Level 8.3 Earth Magic


You had 15 spell levels left.
You knew the following spells:

 Your Spells              Type           Power      Damage    Failure   Level
a - Sandblast             Erth           100%       2d20      1%          1
b - Stone Arrow           Conj/Erth      100%       3d13      2%          3

Your spell library contained the following spells:

 Spells                   Type           Power      Damage    Failure   Level
 Passwall                 Tmut/Erth      30%        N/A       3%          2
 Foxfire                  Conj/Fire      100%       2x1d9     4%          1
 Conjure Flame            Conj/Fire      29%        6-21      13%         3
 Dazzling Flash           Conj/Hex       58%        N/A       13%         3
 Corpse Rot               Necr/Air       18%        N/A       26%         2
 Poisonous Vapours        Pois/Air       18%        N/A       26%         2
 Petrify                  Tmut/Erth      37%        N/A       26%         4
 Leda's Liquefaction      Hex/Erth       17%        N/A       30%         4
 Flame Wave               Conj/Fire      29%        2d8       41%         4
 Iskenderun's Mystic Bla  Conj/Tloc      29%        2d7       41%         4
 Call Canine Familiar     Summ           9%         N/A       45%         3
 Inner Flame              Hex/Fire       9%         N/A       45%         3
 Portal Projectile        Hex/Tloc       18%        N/A       45%         3
 Starburst                Conj/Fire      14%        6d6       100%        6


Dungeon Overview and Level Annotations

Branches:
Dungeon (7/15)             Temple (1/1) D:4           Sewer (visited)

Altars:
Ashenzari
Cheibriados
Dithmenos
Elyvilon
Fedhas
Gozag
Hepliaklqana
Kikubaaqudgha
Makhleb
Nemelex Xobeh
Okawaru
Qazlal
Ru
Sif Muna
Trog
Uskayaw
Vehumet
Wu Jian
Xom
Yredelemnul
Zin
The Shining One

Shops:
D:7 *


Innate Abilities, Weirdness & Mutations

You are immune to sickness and miasma.
Your stone body is resilient. (AC +6)
You are immune to poison.
You resist negative energy. (rN+)
You are resistant to electric shocks. (rElec)
You are resistant to unholy torment.
You are immune to petrification.


Message History

The large slime creature is severely wounded.
Two slime creatures merge to form an enormous slime creature.
Unknown command.
Okay, then.
You aren't carrying any items that you can evoke.
Unknown command.
You feel clever all of a sudden. The enormous slime creature hits you!!!
Ouch! That really hurt!
* * * LOW HITPOINT WARNING * * *
You feel yourself speed up.
You block the enormous slime creature's attack.
Casting: Stone Arrow (dangerous; 2% risk of failure)
Confirm with . or Enter, or press ? or * to list all spells.
Aiming: Stone Arrow (dangerous; 2% risk of failure)
Press: ? - help, Shift-Dir - straight line, f/p - enormous slime creature
Aim: an enormous slime creature (moderately wounded, weak-willed, 95% to hit)
You feel a surge of power!
The stone arrow hits the enormous slime creature!!
The enormous slime creature is heavily wounded.
Casting: Stone Arrow (dangerous; 2% risk of failure)
Confirm with . or Enter, or press ? or * to list all spells.
Aiming: Stone Arrow (dangerous; 2% risk of failure)
Press: ? - help, Shift-Dir - straight line, f/p - enormous slime creature
Aim: an enormous slime creature (heavily wounded, weak-willed, 95% to hit)
You feel a surge of power!
The stone arrow hits the enormous slime creature!!
The enormous slime creature is heavily wounded.
Unknown command.
Casting: Stone Arrow (dangerous; 2% risk of failure)
Confirm with . or Enter, or press ? or * to list all spells.
Aiming: Stone Arrow (dangerous; 2% risk of failure)
Press: ? - help, Shift-Dir - straight line, f/p - enormous slime creature
Aim: an enormous slime creature (heavily wounded, weak-willed, 95% to hit)
You feel a surge of power!
The stone arrow hits the enormous slime creature!
The enormous slime creature is severely wounded.
The enormous slime creature hits you!!!
Ouch! That really hurt!
You die...

####.######### #..# #.. #.#
#..# #.. ##.######## ####..#
##. ###.......... #.....# #.
.....######## #..#..# #.
####.......# ##''##.# #.
#....#.... ##....### #.
###...###########......## ##
#............J@#........# #
###...##########...†≈...#######
#...# #...≈....#...... ## #.J.#
#####........####### ....#..J#
#..[##......## #.... #.....#
#....##....#####.### ###.J.#
#.....###### #...... #...#
#......# #...... #...# #......#
#......


You could see an enormous slime creature (weak-willed).

Vanquished Creatures
  Harold (D:7)
  Grinder (D:3)
  A slime creature (D:7)
  Sigmund (D:5)
  Pargi (Sewer)
  3 black bears
  A sky beast (D:6)
  An orc warrior (D:7)
  3 ogres
  A phantom (D:4)
  A bullfrog (D:7)
  3 scorpions
  2 gnoll sergeants
  A water moccasin skeleton (D:6)
  A howler monkey (D:7)
  2 jellies
  2 centaur skeletons
  2 orc priests (D:7)
  A hound (D:5)
  An iguana (D:4)
  4 orc wizards
  A hound skeleton (D:4)
  15 gnolls
  9 adders
  A white imp (D:5)
  An ufetubus (D:5)
  2 worms
  2 dart slugs
  24 orcs
  6 ball pythons
  3 bats
  4 endoplasms
  9 giant cockroaches
  4 goblins
  7 hobgoblins
  12 jackals
  6 quokkas
  2 frilled lizards (D:1)
  7 kobolds
  6 rats
155 creatures vanquished.

Notes
Turn   | Place    | Note
-------+----------+-------------------------------------------
     0 | D:1      | Kaptain the Gargoyle Earth Elementalist began the quest for
                  | the Orb.
     0 | D:1      | Reached XP level 1. HP: 10/10 MP: 3/3
   164 | D:1      | Reached XP level 2. HP: 15/16 MP: 3/5
   194 | D:1      | Found a faded altar of an unknown god.
   445 | D:1      | Reached skill level 1 in Fighting
   447 | D:1      | Reached skill level 1 in Conjurations
   680 | D:1      | Reached skill level 4 in Earth Magic
   680 | D:1      | Reached XP level 3. HP: 12/20 MP: 3/6
   847 | D:1      | Learned a level 3 spell: Stone Arrow
  1525 | D:2      | Reached XP level 4. HP: 26/26 MP: 3/7
  1571 | D:2      | Reached skill level 1 in Armour
  2070 | D:3      | Reached XP level 5. HP: 30/30 MP: 6/9
  2105 | D:3      | Found a glowing drain.
  2122 | Sewer    | Entered a sewer
  2217 | Sewer    | Noticed Pargi
  2221 | Sewer    | Killed Pargi
  2222 | Sewer    | Reached XP level 6. HP: 36/36 MP: 5/10
  2442 | D:3      | Noticed a black bear
  2448 | D:3      | Killed a black bear
  2449 | D:3      | Reached skill level 1 in Shields
  2449 | D:3      | Reached skill level 5 in Earth Magic
  3201 | D:3      | Noticed Grinder
  3205 | D:3      | Paralysed by Grinder for 7 turns
  3212 | D:3      | Killed Grinder
  3213 | D:3      | Reached XP level 7. HP: 36/42 MP: 12/12
  3375 | D:4      | Identified a scroll of acquirement
  3602 | D:4      | You are sucked into a shaft and drop 2 floors!
  3887 | D:5      | Entered Level 5 of the Dungeon
  3918 | D:5      | Noticed Sigmund
  3925 | D:5      | Killed Sigmund
  3926 | D:5      | Reached skill level 6 in Earth Magic
  3926 | D:5      | Reached XP level 8. HP: 48/48 MP: 10/14
  4668 | D:4      | Reached skill level 5 in Fighting
  4984 | D:4      | Found a staircase to the Ecumenical Temple.
  4990 | Temple   | Entered the Ecumenical Temple
  5515 | D:5      | Reached skill level 5 in Conjurations
  5737 | D:5      | Found a shimmering blue altar of Sif Muna.
  5755 | D:5      | Reached skill level 7 in Earth Magic
  6009 | D:5      | Reached XP level 9. HP: 54/54 MP: 16/16
  6083 | D:5      | Reached skill level 5 in Spellcasting
  7645 | D:7      | Found Nenoma's Lightly-Used Armoury.
  7775 | D:7      | Noticed Harold
  7849 | D:7      | Killed Harold
  8113 | D:7      | Reached skill level 8 in Earth Magic
  8629 | D:7      | Annihilated by an enormous slime creature

Illustrated notes

Levels and vault maps discovered:
D:1:      evilmike_arrival_rings, layout_loops_ring,
          shapermc_ecumenical_altar_mp_vishouse, grunt_decor_resistance
D:2:      layout_rooms
D:3:      layout_basic, portal_sewer_entry_f, minmay_misc_feat_five,
          minmay_distorted, uniq_grinder
D:4:      layout_gridville, minmay_temple_entry_butterflies
D:5:      black_bear_nest_1, layout_gridville, nicolae_sif_muna_little_library,
          uniq_sigmund
D:6:      layout_loops_corners
D:7:      layout_basic, minmay_misc_feat_ornament, minmay_shop_damaged,
          kennysheep_generic_room_3, uniq_harold
Temple:   mainiacjoe_temple_trianglar_array

Skill      XL: |  1  2  3  4  5  6  7  8  9 |
---------------+----------------------------+-----
Fighting       | 1 2 3 4 5 6 |  6.6
Conjurations   | 1 2 3 4 5 6 |  6.4
Earth Magic    | 4 5 6 7 8 |  8.3
Armour         | 1 2 3 4 |  4.5
Spellcasting   | 3 4 5 |  5.9
Shields        | 1 2 3 4 |  4.1
Dodging        | |  1.5
Stealth        | |  2.1
Transmutations | |  0.7

Action                   |  1- 3 |  4- 6 |  7- 9 || total
-------------------------+-------+-------+-------++-------
Melee: Short sword       |    21 |    24 |       ||    45
       Whip              |       |    36 |    28 ||    64
       Punch             |       |     1 |       ||     1
 Cast: Sandblast         |    41 |    61 |    19 ||   121
       Stone Arrow       |       |     9 |   128 ||   137
  Use: Scroll            |       |     5 |     9 ||    14
       Potion            |       |       |     2 ||     2
 Stab: Sleeping          |     1 |       |       ||     1
Armor: Robe              |    22 |    17 |       ||    39
       Troll leather arm |       |    25 |    19 ||    44
Dodge: Dodged            |    21 |    35 |    23 ||    79
Block: Other             |       |    12 |     2 ||    14
       Reflection        |       |     1 |       ||     1
       Buckler           |       |       |    27 ||    27
